 Dungeon Crawl Stone Soup version 0.17.1-1-g73c8601 (webtiles) character file.

2546 Implojin the Grappler (level 9, -18/93 HPs)
             Began as a Troll Fighter on Apr 4, 2016.
             Was a Believer of Okawaru.
             Hit by a large rock thrown by a cyclops (44 damage)
             ... on level 11 of the Dungeon.
             The game lasted 00:14:54 (2064 turns).

Implojin the Grappler (Troll Fighter)               Turns: 2064, Time: 00:14:56

Health: -18/93     AC:  7    Str: 26    XL:     9   Next: 30%
Magic:  10/11      EV: 12    Int:  4    God:    Okawaru [**....]
Gold:   48         SH: 11    Dex: 12    Spells: 0 memorised, 8 levels left

rFire  . . .     SeeInvis .       - Unarmed
rCold  + . .     Clarity  .     a - +0 robe
rNeg   . . .     SustAt   .     b - +0 shield
rPois  .         Gourm    +     (helmet restricted)
rElec  .         Spirit   .     g - +1 cloak
rCorr  .         Warding  .     (gloves unavailable)
rMut   .         Stasis   .     (boots unavailable)
MR     .....                    (no amulet)
Stlth  ++........               (no ring)
                                x - ring of protection from cold (curse)

@: heroism, not resistant to hostile enchantments, unstealthy
A: unfitting armour, claws 3, fast metabolism 3, gourmand, regeneration 2,
shaggy fur 1, tough skin 2
a: Heroism, Renounce Religion


You were on level 11 of the Dungeon.
You worshipped Okawaru.
Okawaru was pleased with you.
You were not hungry.

You visited 2 branches of the dungeon, and saw 13 of its levels.
You also visited: Sewer.

You collected 209 gold pieces.
You spent 161 gold pieces at shops.

Inventory:

Missiles
 l - 2 tomahawks (quivered)
Armour
 a - a +0 robe (worn)
 b - a +0 shield (worn)
 g - a +1 cloak (worn)
Jewellery
 v - the amulet of Haonoceh {Clar rF- Str+2 Int+2 Stlth+}
   (You found it on level 4 of the Dungeon)

   [amulet of clarity]

   It provides mental clarity.
   It affects your strength (+2).
   It affects your intelligence (+2).
   It makes you vulnerable to fire.
   It makes you more stealthy.
 x - a cursed ring of protection from cold (left claw)
Scrolls
 e - 2 scrolls of remove curse
 j - a scroll of teleportation
 o - a scroll of recharging
 y - a scroll of blinking {unknown}
Potions
 c - a potion of might
 f - a potion of cure mutation
 h - a potion of degeneration
 i - 2 potions of brilliance
 k - a potion of magic
 m - a potion of lignification
 n - a potion of poison
 p - a potion of haste {unknown}
 q - a potion of heal wounds {unknown}
 r - 3 potions of flight
 s - a potion of curing {unknown}
Comestibles
 d - 5 bread rations


   Skills:
 * Level 7.0(12.0) Fighting
 - Level 2.4(7.4) Dodging
 - Level 2.4(7.4) Shields
 - Level 9.0(14.0) Unarmed Combat
 - Level 4.0 Invocations


You had 8 spell levels left.
You didn't know any spells.

Dungeon Overview and Level Annotations

Branches:
Dungeon (12/15)            Temple (1/1) D:4            Lair (0/8) D:11
    Orc (0/4) D:10

Altars:
Ashenzari
Elyvilon
Fedhas
Kikubaaqudgha
Nemelex Xobeh
Okawaru
Qazlal
Ru
Trog
Vehumet
Yredelemnul

Shops:
D:4 *

Annotations:
D:7 Dowan, Duvessa


Innate Abilities, Weirdness & Mutations

You are too large for most types of armour.
You have claws for hands.
Your metabolism is lightning-fast.
You like to eat raw meat.
You heal very quickly.
You are covered in fur (AC +1).
You have very tough skin (AC +2).


Message History

Press: ? - help, Shift-Dir - straight line, f - hill giant
Aim: a hill giant, wielding a giant club You throw a tomahawk.
The tomahawk hits the hill giant.
The hill giant is lightly wounded.
You gain the combat prowess of a mighty hero.
You feel slightly more hungry.
You barely miss the hill giant.
The hill giant is lightly wounded.
You scratch the hill giant.
The hill giant is lightly wounded.
You block the hill giant's attack.
You barely miss the hill giant.
The hill giant is lightly wounded.
You mangle the hill giant!!
The hill giant is heavily wounded.
You hear a shout!
The hill giant misses you.
You mangle the hill giant!!
The hill giant is almost dead.
The hill giant hits you with a giant club!
A cyclops comes into view.
You scratch the hill giant but do no damage.
The hill giant is almost dead.
You scratch the hill giant.
The hill giant is almost dead.
The hill giant hits you with a giant club!!!
* * * LOW HITPOINT WARNING * * *
You barely miss the hill giant.
The hill giant is almost dead.
You barely miss the hill giant.
The hill giant is almost dead.
The hill giant hits you with a giant club!!
* * * LOW HITPOINT WARNING * * *
You claw the hill giant!
You kill the hill giant!
Okawaru is honoured by your kill.
Your base Fighting skill increases to level 7!
You feel your dexterity returning.
The cyclops throws a large rock.
The large rock hits you!!!
You die...

##.## #.# # #.# #.
##'## # #.# ##...##
...C. ##...รท.## #.#.#
##.......## #
#...)####....^....####
#....@..'......)..+...
#....####.........####
#.#.# ##.......## # #
## ##.....## # ##...##
# ##+## # #


You could see a cyclops.

Vanquished Creatures
  A hill giant (D:11)
  An ugly thing (D:11)
  A troll (D:9)
  A sky beast (D:4)
  A centaur (D:12)
  An ogre (D:7)
  3 giant frogs
  A big kobold (D:9)
  A phantom (D:10)
  A giant frog zombie (D:9)
  2 crimson imps
  4 orc wizards
  A quasit (D:11)
  4 centaur skeletons
  2 hounds
  3 worker ants
  Terence (D:2)
  A killer bee zombie (D:5)
  A hound skeleton (D:5)
  A river rat (Sewer)
  4 gnolls (D:5)
  16 adders
  3 worms (Sewer)
  21 orcs
  A giant cockroach (D:2)
  A hobgoblin (D:2)
  3 quokkas
  3 ball pythons (Sewer)
  A giant gecko (D:2)
  A giant gecko skeleton (D:4)
  3 goblins
  14 kobolds
  A quokka skeleton (D:4)
  A rat (Sewer)
105 creatures vanquished.

Notes
Turn   | Place    | Note
--------------------------------------------------------------
     0 | D:1      | Implojin the Troll Fighter began the quest for the Orb.
     0 | D:1      | Reached XP level 1. HP: 22/22 MP: 0/0
   135 | D:2      | Noticed Terence
   142 | D:2      | Reached XP level 2. HP: 23/29 MP: 1/1
   168 | D:2      | Killed Terence
   168 | D:2      | Reached skill level 3 in Unarmed Combat
   168 | D:2      | Reached XP level 3. HP: 28/36 MP: 2/2
   234 | D:2      | Reached skill level 4 in Unarmed Combat
   276 | D:3      | Found a sparkling altar of Nemelex Xobeh.
   290 | D:3      | Found a shattered altar of Ashenzari.
   361 | D:4      | Reached XP level 4. HP: 44/44 MP: 3/3
   378 | D:5      | Entered Level 5 of the Dungeon
   396 | D:4      | Found a glowing drain.
   407 | Sewer    | Entered a sewer
   553 | Sewer    | Reached skill level 5 in Unarmed Combat
   690 | D:5      | Reached XP level 5. HP: 45/50 MP: 4/4
   770 | D:6      | Reached skill level 6 in Unarmed Combat
   773 | D:6      | Reached XP level 6. HP: 23/59 MP: 5/5
   901 | D:6      | Reached skill level 7 in Unarmed Combat
  1064 | D:6      | Found a sacrificial altar of Ru.
  1085 | D:5      | Reached XP level 7. HP: 62/66 MP: 6/6
  1117 | D:5      | Found a radiant altar of Vehumet.
  1164 | D:5      | Reached skill level 8 in Unarmed Combat
  1226 | D:4      | Got a brightly glowing crystal amulet
  1228 | D:4      | Found an ancient bone altar of Kikubaaqudgha.
  1281 | D:4      | Found Urowk's Assorted Antiques.
  1284 | D:4      | Bought a scroll of identify for 46 gold pieces
  1284 | D:4      | Bought a scroll labeled BAENIUR SOECU for 23 gold pieces
  1284 | D:4      | Bought a scroll of identify for 46 gold pieces
  1284 | D:4      | Bought a scroll of identify for 46 gold pieces
  1286 | D:4      | Identified the amulet of Haonoceh {Clar rF- Str+2 Int+2 Stlth+} (You found it on level 4 of the Dungeon)
  1381 | D:4      | Noticed a sky beast
  1387 | D:4      | Killed a sky beast
  1433 | D:4      | Found a stormy altar of Qazlal.
  1449 | D:4      | Found a staircase to the Ecumenical Temple.
  1458 | Temple   | Entered the Ecumenical Temple
  1482 | Temple   | Became a worshipper of Warmaster Okawaru
  1608 | D:7      | Reached skill level 9 in Unarmed Combat
  1623 | D:7      | Reached skill level 3 in Fighting
  1624 | D:7      | Noticed Duvessa
  1625 | D:7      | Noticed Dowan
  1687 | D:9      | Reached XP level 8. HP: 58/75 MP: 7/7
  1696 | D:9      | Noticed a troll
  1701 | D:9      | Killed a troll
  1701 | D:9      | Reached skill level 4 in Fighting
  1735 | D:9      | Reached * piety under Okawaru
  1742 | D:9      | Reached skill level 5 in Fighting
  1754 | D:10     | Entered Level 10 of the Dungeon
  1758 | D:10     | Found a staircase to the Orcish Mines.
  1811 | D:11     | Noticed a green ugly thing
  1827 | D:11     | Killed a green ugly thing
  1827 | D:11     | Reached skill level 4 in Invocations
  1952 | D:11     | Found a staircase to the Lair.
  1984 | D:12     | Reached XP level 9. HP: 66/89 MP: 8/11
  1985 | D:12     | Noticed an eight-headed hydra
  1988 | D:12     | Noticed a hill giant
  2035 | D:11     | Reached skill level 6 in Fighting
  2052 | D:11     | Noticed a hill giant
  2060 | D:11     | Noticed a cyclops
  2064 | D:11     | Killed a hill giant
  2064 | D:11     | Reached ** piety under Okawaru
  2064 | D:11     | Reached skill level 7 in Fighting
  2064 | D:11     | Hit by a large rock thrown by a cyclops

Action                   |  1- 3 |  4- 6 |  7- 9 || total
-------------------------+-------+-------+-------++-------
Melee: Unarmed           |    49 |   195 |   127 ||   371
Throw: Tomahawk          |       |       |     1 ||     1
Invok: Heroism           |       |       |     3 ||     3
  Use: Scroll            |       |     8 |     7 ||    15
       Potion            |       |       |     1 ||     1
 Stab: Sleeping          |       |       |     1 ||     1
  Eat: Chunk             |     7 |     8 |     5 ||    20

Table legend:
 A = Turns spent in this place as a percentage of turns spent in the entire game.
 B = Non-inter-level travel turns spent in this place as a percentage of non-inter-level travel turns spent in the entire game.
 C = Inter-level travel turns spent in this place as a percentage of turns spent in this place.
 D = Turns resting spent in this place as a percentage of non-inter-level travel turns spent in this place.
 E = Turns spent auto-exploring this place as a percentage of non-inter-level travel turns spent in this place.
 F = Non-inter-level travel turns spent in this place divided by the number of levels of this place that you've seen.
                   A       B       C       D       E      F
               +-------+-------+-------+-------+-------+----------------------
         Total | 100.0 | 100.0 |   0.0 |   0.0 |   0.0 | 142.6
       Dungeon |  85.7 |  85.7 |   0.0 |   0.0 |   0.0 | 142.6
        Temple |   2.3 |   2.3 |   0.0 |   0.0 |   0.0 |  46.0
         Sewer |  12.0 |  12.0 |   0.0 |   0.0 |   0.0 | 240.0
               +-------+-------+-------+-------+-------+----------------------

Table legend:
 A = Kills in this place as a percentage of kills in entire the game.
 B = Kills by you in this place as a percentage of kills by you in the entire game.
 C = Kills by friends in this place as a percentage of kills by friends in the entire game.
 D = Other kills in this place as a percentage of other kills in the entire game.
 E = Experience gained in this place as a percentage of experience gained in the entire game.
 F = Experience gained in this place divided by the number of levels of this place that you have seen.
                   A       B       C       D       E      F
               +-------+-------+-------+-------+-------+----------------------
         Total | 100.0 | 100.0 |  -nan |  -nan | 100.0 | 259.9
       Dungeon |  83.8 |  83.8 |  -nan |  -nan |  97.7 | 296.3
         Sewer |  16.2 |  16.2 |  -nan |  -nan |   2.3 |  82.0
               +-------+-------+-------+-------+-------+----------------------
